 Dungeon Crawl Stone Soup version 0.18.1-8-gdd0e5ea (webtiles) character file.

311 manyhoops the Conjurer (level 5, 0/41 HPs)
             Began as a Demigod Conjurer on May 28, 2016.
             Slain by Pikel
             ... wielding a +1 whip of flaming
              (7 damage)
             ... on level 4 of the Dungeon.
             The game lasted 00:08:27 (2911 turns).

manyhoops the Conjurer (Demigod Conjurer)           Turns: 2911, Time: 00:08:27

Health: 0/41       AC:  5    Str:  9    XL:     5   Next: 96%
Magic:  2/12       EV: 12    Int: 21    God:
Gold:   221        SH:  2    Dex: 19    Spells: 3 memorised, 3 levels left

rFire  . . .     SeeInvis .     p - +2 quarterstaff (chaos)
rCold  . . .     Gourm    .     a - +0 robe
rNeg   . . .     Faith    .     (shield currently unavailable)
rPois  .         Spirit   .     (no helmet)
rElec  .         Dismiss  .     q - +0 cloak
rCorr  .         Reflect  +     (no gloves)
SustAt +         Harm     .     t - +0 pair of boots
MR     .....                    k - +2 amulet of reflection
Stlth  ++........               (no ring)
                                s - +3 ring of dexterity

@: not resistant to hostile enchantments, unstealthy
A: thin metallic scales 1, deformed body, high mp 1, weak 1, sustain attributes
a: no special abilities


You were on level 4 of the Dungeon.
You were very hungry.

You visited 1 branch of the dungeon, and saw 4 of its levels.

You collected 221 gold pieces.

Inventory:

Hand Weapons
 p - a +2 quarterstaff of chaos (weapon)
Armour
 a - a +0 robe (worn)
 q - a +0 cloak (worn)
 t - a +0 pair of boots (worn)
Jewellery
 k - a +2 amulet of reflection (around neck)
 s - a +3 ring of dexterity (left hand)
Scrolls
 e - a scroll of recharging {unknown}
 f - a scroll of immolation {unknown}
 l - a scroll of enchant weapon {unknown}
 o - a scroll of remove curse {unknown}
Potions
 d - a potion of lignification
 h - a potion of brilliance {unknown}
 i - a potion of invisibility
 m - 2 potions of curing
 n - a potion of might
 r - a potion of heal wounds {unknown}
 u - a potion of cure mutation {unknown}
Books
 b - a book of Conjurations

   Spells                             Type                      Level
   a - Magic Dart                     Conjuration                  1
   b - Searing Ray                    Conjuration                  2
   c - Dazzling Spray                 Conjuration/Hexes            3
   d - Fulminant Prism                Conjuration/Hexes            4
   e - Iskenderun's Mystic Blast      Conjuration                  4
   f - Iskenderun's Battlesphere      Conjuration/Charms           5
Comestibles
 c - 6 bread rations
 g - 2 royal jellies
 j - 3 fruits


   Skills:
 + Level 1.6 Fighting
 - Level 1.7 Dodging
 - Level 1.7 Stealth
 + Level 2.8 Spellcasting
 + Level 5.9 Conjurations
 - Level 0.5 Hexes


You had 3 spell levels left.
You knew the following spells:

 Your Spells              Type           Power        Failure   Level  Hunger
a - Magic Dart            Conj           ####         1%          1    None
b - Searing Ray           Conj           ####..       1%          2    ##.....
c - Dazzling Spray        Conj/Hex       ###.....     14%         3    ###....


Dungeon Overview and Level Annotations

Branches:
Dungeon (4/15)
 Temple: D:4-7

Annotations:
D:4 Pikel


Innate Abilities, Weirdness & Mutations

You have an increased reservoir of magic (+10% MP).
Your attributes are resistant to harm.
You are partially covered in thin metallic scales (AC +2).
Armour fits poorly on your strangely shaped body.
You are weak. (Str -2)


Message History

Aim: a slave, wearing an animal skin (heavily wounded)
The searing ray hits Pikel.
Pikel is moderately wounded.
The slave shouts!
Pikel hits you with a whip of flaming. Pikel burns you.
The searing ray hits Pikel.
Pikel is heavily wounded.
You block Pikel's attack.
The searing ray hits Pikel.
Pikel is heavily wounded.
Pikel hits you with a whip of flaming!
* * * LOW HITPOINT WARNING * * *
Pikel burns you.
* * * LOW HITPOINT WARNING * * *
The searing ray hits Pikel.
Pikel is severely wounded.
The searing ray hits the slave.
The slave is almost dead.
Pikel hits you with a whip of flaming!
You die...

#.... #.... #....
#.... ##'## #.#
#.#
.#################
#.#
..ppppK@......[..#
#.#
..##############.#
#.# #.# #.# #.#
#.# #.# #.# #.#
#.# #.# #.#
#.####.# #......#


You could see Pikel and 4 slaves.

Vanquished Creatures
  The ghost of Nanban the Insei, an amateur OpTm of Cheibriados (D:3)
  Crazy Yiuf (D:2)
  Natasha (thrice) (D:2)
  3 adders
  2 oozes
  2 dart slugs
  3 worms
  A giant gecko (D:3)
  5 orcs
  5 bats
  2 giant cockroaches (D:1)
  7 goblins
  11 hobgoblins
  15 jackals
  A ball python (D:2)
  5 giant newts
  9 kobolds
  5 rats
81 creatures vanquished.

Notes
Turn   | Place    | Note
--------------------------------------------------------------
     0 | D:1      | manyhoops the Demigod Conjurer began the quest for the Orb.
     0 | D:1      | Reached XP level 1. HP: 14/14 MP: 5/5
    75 | D:1      | Reached skill level 4 in Conjurations
   116 | D:1      | Reached XP level 2. HP: 19/20 MP: 2/7
   850 | D:2      | Reached XP level 3. HP: 19/27 MP: 6/8
   869 | D:2      | Noticed Natasha
   879 | D:1      | Learned a level 2 spell: Searing Ray
  1181 | D:2      | Found a sparkling altar of Nemelex Xobeh.
  1349 | D:2      | Killed Natasha
  1349 | D:2      | Reached skill level 1 in Fighting
  1349 | D:2      | Reached skill level 5 in Conjurations
  1349 | D:2      | Reached XP level 4. HP: 17/35 MP: 5/10
  1371 | D:2      | Noticed Natasha
  1378 | D:2      | Killed Natasha
  1389 | D:2      | Noticed Natasha
  1461 | D:2      | Killed Natasha
  1482 | D:2      | Learned a level 3 spell: Dazzling Spray
  1590 | D:2      | Noticed Crazy Yiuf
  1598 | D:2      | Killed Crazy Yiuf
  1598 | D:2      | Reached XP level 5. HP: 20/40 MP: 0/11
  1860 | D:3      | Gained mutation: Your muscles are strong. (Str +2) [potion of mutation]
  1860 | D:3      | Gained mutation: You are partially covered in thin metallic scales (AC +2). [potion of mutation]
  1860 | D:3      | Gained mutation: Armour fits poorly on your strangely shaped body. [potion of mutation]
  1861 | D:3      | Gained mutation: You are dopey. (Int -2) [potion of mutation]
  1861 | D:3      | Lost mutation: You are dopey. (Int -2) [potion of mutation]
  1861 | D:3      | Gained mutation: You are clumsy. (Dex -2) [potion of mutation]
  1862 | D:3      | Lost mutation: Your muscles are strong. (Str +2) [potion of mutation]
  1862 | D:3      | Gained mutation: You are weak. (Str -2) [potion of mutation]
  1862 | D:3      | Lost mutation: You are clumsy. (Dex -2) [potion of mutation]
  1863 | D:3      | Noticed Nanban's ghost (amateur OpTm)
  1868 | D:3      | Killed Nanban's ghost
  2365 | D:3      | Found a stormy altar of Qazlal.
  2899 | D:4      | Noticed Pikel
  2899 | D:4      | Noticed a slave
  2900 | D:4      | Noticed a slave
  2902 | D:4      | Noticed a slave
  2904 | D:4      | Noticed a slave
  2911 | D:4      | Slain by Pikel

Skill      XL: |  1  2  3 |
---------------+----------+-----
Conjurations   | 4 5 |  5.9
Spellcasting   | 2 |  2.8
Fighting       | 1 |  1.6
Dodging        | |  1.7
Stealth        | |  1.7
Hexes          | |  0.5

Action                   |  1- 3 |  4- 6 || total
-------------------------+-------+-------++-------
Melee: Mace              |    59 |    12 ||    71
       Quarterstaff      |       |    55 ||    55
 Cast: Magic Dart        |    40 |    32 ||    72
       Searing Ray       |       |     6 ||     6
       Dazzling Spray    |       |     3 ||     3
  Use: Scroll            |     2 |     3 ||     5
       Potion            |       |     3 ||     3
 Stab: Sleeping          |     1 |     3 ||     4
       Invisible         |       |     1 ||     1
  Eat: Chunk             |     2 |     4 ||     6
Armor: Robe              |     4 |    22 ||    26
Dodge: Dodged            |    39 |    51 ||    90
Block: Other             |       |     7 ||     7
